 Dungeon Crawl Stone Soup version 0.26.0-3-g156281e41b (webtiles) character file.

Game seed: 2787942859376595433

235 lastplaneout the Slasher (level 5, -2/38 HPs)
             Began as a Demonspawn Gladiator on Jan 10, 2021.
             Was an Initiate of Gozag.
             Slain by Natasha (5 damage)
             ... on level 2 of the Dungeon.
             The game lasted 00:04:53 (2642 turns).

lastplaneout the Slasher (Demonspawn Gladiator)     Turns: 2642, Time: 00:04:55

Health: -2/38      AC:  4    Str: 15    XL:     5   Next: 76%
Magic:  5/5        EV: 12    Int: 10    God:    Gozag
Gold:   186        SH:  0    Dex: 14    Spells: 4/4 levels left

rFire    . . .     SeeInvis .   a - +0 long sword
rCold    . . .     Faith    .   (no shield)
rNeg     . . .     Spirit   .   k - +0 leather armour (curse)
rPois    .         Reflect  .   c - +0 helmet
rElec    .         Harm     .   (no cloak)
rCorr    .         Rampage  .   (no gloves)
Will     .....                  (no boots)
Stlth    +.........             (no amulet)
HPRegen  0.12/turn              (no ring)
MPRegen  0.09/turn              (no ring)

@: no status effects
A: talons 2
a: Renounce Religion, Potion Petition, Call Merchant, Bribe Branch


You were on level 2 of the Dungeon.
You worshipped Gozag.
Gozag was aware of your devotion.
You visited 1 branch of the dungeon, and saw 3 of its levels.

You collected 269 gold pieces.
You paid 83 gold pieces to Gozag.

Inventory:

Hand Weapons
 a - a +0 long sword (weapon)
Missiles
 d - 3 throwing nets (quivered)
Armour
 c - a +0 helmet (worn)
 k - a cursed +0 leather armour (worn)
Scrolls
 e - 5 scrolls of remove curse
 f - a scroll of identify
 h - a scroll of random uselessness {unknown}
 l - a scroll of enchant weapon {unknown}
 m - a scroll of blinking {unknown}
 n - a scroll of teleportation {unknown}
 p - a scroll of magic mapping {unknown}
Potions
 b - a potion of haste {unknown}
 g - a potion of flight {unknown}
 i - a potion of heal wounds
 j - 4 potions of degeneration {unknown}
 o - 4 potions of might {unknown}


   Skills:
 - Level 2.0 Fighting
 + Level 6.0 Long Blades
 - Level 1.7 Throwing
 - Level 2.6 Dodging


You had 4 spell levels left.
You didn't know any spells.
Your spell library was empty.

Dungeon Overview and Level Annotations

Branches:
Dungeon (3/15)

Altars:
Fedhas
Gozag
Sif Muna
Yredelemnul

Annotations:
D:2 Natasha


Innate Abilities, Weirdness & Mutations

You have razor-sharp toenails.


Message History

You hit Natasha. You claw Natasha.
Natasha is heavily wounded.
Natasha drinks a potion.
Natasha is healed!
Natasha zaps a wand.
The puff of flame hits you!
You closely miss Natasha. Your kick misses Natasha.
Natasha casts a spell at you. The magic dart hits you.
* * * LOW HITPOINT WARNING * * *
You closely miss Natasha. You claw Natasha.
Natasha is lightly wounded.
Natasha claws you but does no damage.
You hit Natasha but do no damage.
Natasha is lightly wounded.
Natasha claws you!
* * * LOW HITPOINT WARNING * * *
You hit Natasha.
Natasha is moderately wounded.
Natasha claws you.
You die...
Your body crumbles into a pile of gold.

#.# #...............### #
###.#####...............###
#.###.....................###..
#...........####......[...###..
#........##...>.............
#........##.#..........###..
#....)...'..#..........#####
#........#..................
#........#h@..<.....##......
#........#.........###......
#........#.........# ####...
#........#.........# #...
############'########...# #.(.
(............# ....#####...
.############# ....##......
.......# ....##......
####...### #......


You could see Natasha.

Vanquished Creatures
  Jessica (D:2)
  Natasha (D:2)
  4 gnolls
  7 adders (D:2)
  2 worms (D:2)
  4 dart slugs
  An orc (D:3)
  7 bats
  4 giant cockroaches
  7 goblins
  7 hobgoblins
  10 jackals
  7 kobolds
  5 frilled lizards
  6 rats
73 creatures vanquished.

Notes
Turn   | Place    | Note
-------+----------+-------------------------------------------
     0 | D:1      | lastplaneout the Demonspawn Gladiator began the quest for
                  | the Orb.
     0 | D:1      | Reached XP level 1. HP: 16/16 MP: 1/1
    84 | D:1      | Reached skill level 3 in Long Blades
    95 | D:1      | Gained mutation: You have sharp toenails. [demonic
                  | ancestry]
    95 | D:1      | Reached XP level 2. HP: 18/22 MP: 2/2
   925 | D:1      | Gained mutation: You have razor-sharp toenails. [demonic
                  | ancestry]
   925 | D:1      | Reached XP level 3. HP: 27/27 MP: 3/3
  1148 | D:1      | Reached skill level 4 in Long Blades
  1429 | D:2      | Found a shimmering blue altar of Sif Muna.
  1488 | D:2      | Reached XP level 4. HP: 33/33 MP: 4/4
  1582 | D:2      | Found an opulent altar of Gozag.
  1586 | D:2      | Found a basalt altar of Yredelemnul.
  1599 | D:2      | Found a blossoming altar of Fedhas.
  1605 | D:2      | Reached skill level 5 in Long Blades
  1669 | D:2      | Became a worshipper of Gozag Ym Sagoz the Greedy
  1719 | D:2      | Reached XP level 5. HP: 37/38 MP: 5/5
  2358 | D:2      | Noticed Natasha
  2365 | D:2      | Killed Natasha
  2453 | D:2      | Noticed Jessica
  2462 | D:2      | Killed Jessica
  2463 | D:2      | Reached skill level 6 in Long Blades
  2624 | D:2      | Noticed Natasha
  2642 | D:2      | Slain by Natasha

Illustrated notes

Levels and vault maps discovered:
D:1:      zaba_arrival_water, layout_basic, minmay_splitting_lines,
          minmay_tetromino_l2
D:2:      layout_basic, nicolae_overflow_crystal_walls,
          chequers_temple_overflow_statue_of_worship,
          nicolae_gozag_seed_capital, uniq_jessica, uniq_natasha
D:3:      minmay_roachtagon, layout_loops_ring, evilmike_ruin_ashenzari,
          lemuel_crystal_altar, kennysheep_cross_bottleneck, uniq_grinder

Skill      XL: |  1  2  3  4  5 |
---------------+----------------+-----
Long Blades    | 3 4 5 6 |  6.0
Fighting       | |  2.0
Throwing       | |  1.7
Dodging        | |  2.6

Action                   |  1- 3 |  4- 6 || total
-------------------------+-------+-------++-------
Melee: Long sword        |    85 |    81 ||   166
       Kick              |    15 |    34 ||    49
  Use: Scroll            |     2 |       ||     2
       Potion            |       |     3 ||     3
Armor: Leather armour    |    29 |    16 ||    45
Dodge: Dodged            |    77 |    58 ||   135
       Rpst.: Long sword |    25 |    23 ||    48
